 Dungeon Crawl Stone Soup version 0.27-a0-1046-g98bf31544f (webtiles) character file.

Game seed: 7130141839800884972

286 jestyr24 the Firebug (level 6, -5/46 HPs)
             Began as a Draconian Fire Elementalist on Apr 19, 2021.
             Slain by an orc warrior
             ... wielding a +0 battleaxe
              (17 damage)
             ... on level 4 of the Dungeon.
             The game lasted 00:17:58 (3380 turns).

jestyr24 the Firebug (Draconian Fire Elementalist)  Turns: 3380, Time: 00:17:59

Health: -5/46      AC:  6    Str: 11    XL:     6   Next: 8%
Magic:  3/10       EV: 12    Int: 17    God:
Gold:   154        SH:  5    Dex: 11    Spells: 5/11 levels left

rFire    . . .     SeeInvis .   o - +4 dagger
rCold    . . .     Faith    .   (no shield)
rNeg     . . .     Spirit   .   (armour unavailable)
rPois    .         Reflect  +   (helmet restricted)
rElec    .         Harm     .   (no cloak)
rCorr    .         Rampage  .   (no gloves)
Will     .....                  (no boots)
Stlth    ++........             n - amulet of reflection
HPRegen  0.15/turn              (no ring)
MPRegen  0.12/turn              (no ring)

@: no status effects
A: AC +6, unfitting armour, cold-blooded
a: no special abilities


You were on level 4 of the Dungeon.
You visited 1 branch of the dungeon, and saw 5 of its levels.

You collected 154 gold pieces.

Inventory:

Hand Weapons
 o - a +4 dagger (weapon)
Missiles
 b - 106 stones
 l - 15 poisoned darts
 q - 7 javelins
Armour
 a - a +0 kite shield
Jewellery
 n - an amulet of reflection (around neck)
Scrolls
 e - a scroll of brand weapon {unknown}
 f - 2 scrolls of teleportation {unknown}
 h - 2 scrolls of immolation
 i - a scroll of silence {unknown}
 j - 2 scrolls of identify
 k - a scroll of blinking {unknown}
 r - a scroll of acquirement {unknown}
Potions
 c - 2 potions of flight {unknown}
 d - 2 potions of haste
 g - 3 potions of lignification
 m - a potion of heal wounds {unknown}
 p - 2 potions of curing {unknown}


   Skills:
 + Level 0.4 Fighting
 + Level 2.3 Dodging
 + Level 2.5 Stealth
 * Level 1.3 Shields
 + Level 3.2 Spellcasting
 + Level 2.0 Conjurations
 * Level 1.5 Hexes
 * Level 1.7 Translocations
 + Level 3.9 Fire Magic


You had 5 spell levels left.
You knew the following spells:

 Your Spells              Type           Power      Damage    Failure   Level
a - Foxfire               Conj/Fire      48%        2x1d6     4%          1
b - Inner Flame           Hex/Fire       12%        N/A       17%         3
c - Blink                 Tloc           N/A        N/A       13%         2

Your spell library contained the following spells:

 Spells                   Type           Power      Damage    Failure   Level
 Magic Dart               Conj           36%        1d4       8%          1
 Slow                     Hex            7%         N/A       14%         2
 Conjure Flame            Conj/Fire      12%        6-21      16%         3
 Sandblast                Erth           4%         2d4       17%         1
 Call Imp                 Summ           2%         N/A       26%         2
 Passwall                 Tmut/Erth      1%         N/A       26%         2
 Confusing Touch          Hex            7%         N/A       26%         3
 Gell's Gravitas          Tloc           4%         N/A       26%         3
 Stone Arrow              Conj/Erth      12%        3d7       34%         3
 Mephitic Cloud           Conj/Pois/Air  5%         N/A       36%         3
 Sticky Flame             Conj/Fire      12%        2d4       45%         4
 Fireball                 Conj/Fire      6%         3d5       80%         5
 Petrify                  Tmut/Erth      2%         N/A       86%         4
 Metabolic Englaciation   Hex/Ice        2%         N/A       98%         5
 Yara's Violent Unravell  Hex/Tmut       2%         3d3       98%         5
 Lee's Rapid Deconstruct  Erth           1%         3d5*      99%         5


Dungeon Overview and Level Annotations

Branches:
Dungeon (5/15)
 Temple: D:4-7

Altars:
Ashenzari
Cheibriados
Dithmenos
Fedhas
Qazlal
Trog

Shops:
D:4 *

Annotations:
D:4 Duvessa


Innate Abilities, Weirdness & Mutations

Your plain brown scales are hard. (AC +6)
You cannot fit into any form of body armour.
You are cold-blooded and may be slowed by cold attacks.


Message History

The orc warrior is heavily wounded.
Casting: Foxfire (safe; 4% risk of failure)
Confirm with . or Enter, or press ? or * to list all spells.
You conjure some foxfire!
The orc warrior barely misses you.
The orc warrior hits your foxfire with a +0 battleaxe!
The foxfire hits the orc warrior but does no damage.
The orc warrior is heavily wounded.
Casting: Foxfire (safe; 4% risk of failure)
Confirm with . or Enter, or press ? or * to list all spells.
You conjure some foxfire!
The orc warrior barely misses you.
The orc warrior hits your foxfire with a +0 battleaxe.
The orc warrior hits your foxfire with a +0 battleaxe!
You barely miss the orc warrior.
Your tail-slap misses the orc warrior.
The orc warrior is heavily wounded.
The foxfire hits the orc warrior but does no damage.
The orc warrior is heavily wounded.
The orc warrior barely misses you.
Casting: Foxfire (safe; 4% risk of failure)
Confirm with . or Enter, or press ? or * to list all spells.
You conjure some foxfire!
The orc warrior barely misses you.
You hit the orc warrior but do no damage.
The orc warrior is heavily wounded.
The foxfire hits the orc warrior.
The orc warrior is severely wounded.
The foxfire hits the orc warrior but does no damage.
The orc warrior is severely wounded.
The orc warrior misses you.
Casting: Foxfire (safe; 4% risk of failure)
Confirm with . or Enter, or press ? or * to list all spells.
You conjure some foxfire!
The orc warrior hits you with a +0 battleaxe!
* * * LOW HITPOINT WARNING * * *
You hit the orc warrior.
The orc warrior is almost dead.
The foxfire hits the orc warrior but does no damage.
The orc warrior is almost dead.
The foxfire hits the orc warrior.
The orc warrior is almost dead.
The orc warrior hits you with a +0 battleaxe!
You die...

.## #...................#..#
..####.......#.##.##.#....#..#
...##..##....#########....###..
........##..## ##..........#
... ....##..###.#
#............# .. .....#..# ###
#..........#.# . ......#..#
##...........∩.. ......#..#
#§.o.....####.#.# )......#..
#§@...#### ...# .......#..#
####### ## ..........# .......
....... ......# .....## ....##
##.##


You could see an orc warrior.

Vanquished Creatures
  A sky beast (D:5)
  An orc priest (D:4)
  A hound (D:5)
  A bullfrog skeleton (D:5)
  An orc wizard (D:4)
  2 adders (D:3)
  A gnoll (D:5)
  A dart slug (D:3)
  5 orcs
  4 ball pythons
  7 bats
  5 endoplasms
  A giant cockroach (D:2)
  3 goblins
  5 hobgoblins
  2 jackals (D:3)
  3 quokkas
  4 frilled lizards
  5 kobolds
  5 rats
58 creatures vanquished.

Vanquished Creatures (others)
  164 foxfires
164 creatures vanquished.

Grand Total: 222 creatures vanquished

Notes
Turn   | Place    | Note
-------+----------+-------------------------------------------
     0 | D:1      | jestyr24 the Draconian Fire Elementalist began the quest
                  | for the Orb.
     0 | D:1      | Reached XP level 1. HP: 14/14 MP: 3/3
   284 | D:1      | Reached XP level 2. HP: 20/20 MP: 3/5
  1497 | D:2      | Reached XP level 3. HP: 26/26 MP: 4/6
  1501 | D:2      | Learned a level 3 spell: Inner Flame
  1829 | D:3      | Learned a level 2 spell: Blink
  1835 | D:3      | Found a broken altar of Ashenzari.
  1835 | D:3      | Found a stormy altar of Qazlal.
  2105 | D:3      | Found a shadowy altar of Dithmenos.
  2105 | D:3      | Found a blossoming altar of Fedhas.
  2472 | D:3      | Reached XP level 4. HP: 27/33 MP: 4/8
  2813 | D:4      | Reached skill level 1 in Hexes
  2865 | D:4      | Identified the +1 robe "Jocagidgh" {rC+}
  2879 | D:4      | Noticed an orc warrior
  2882 | D:4      | Found a bloodstained altar of Trog.
  2907 | D:4      | Noticed Duvessa
  2919 | D:4      | Noticed a sky beast
  2920 | D:4      | Found Jaosaedgh's Assorted Antiques.
  2925 | D:5      | Entered Level 5 of the Dungeon
  2944 | D:5      | Killed a sky beast
  2945 | D:5      | Reached skill level 1 in Shields
  2945 | D:5      | Reached skill level 1 in Translocations
  2945 | D:5      | Reached XP level 5. HP: 20/39 MP: 0/9
  3274 | D:5      | Found a snail-covered altar of Cheibriados.
  3298 | D:5      | Reached XP level 6. HP: 26/46 MP: 10/10
  3380 | D:4      | Slain by an orc warrior

Illustrated notes

Levels and vault maps discovered:
D:1:      amcnicky_arrival_underground_garden, layout_loops_cross
D:2:      layout_basic
D:3:      layout_loops_ring, gammafunk_temple_overflow_statue,
          gammafunk_temple_overflow_pools
D:4:      layout_cave_pods, nzn_overflow_gifts_of_might_and_magic,
          lemuel_mausoleum_altar_kikubaaqudgha, serial_shops,
          nicolae_shop_crystal, amcnicky_mini_corridor_feature,
          kennysheep_generic_room_8, uniq_blork_the_orc, uniq_duvessa
D:5:      layout_loops_ring, slow_altar_1, minivault_26, dk_rats_in_the_wall

Skill      XL: |  1  2  3  4  5 |
---------------+----------------+-----
Stealth        | 2 |  2.5
Dodging        | 2 |  2.3
Hexes          | 1 |  1.5
Shields        | 1 |  1.3
Spellcasting   | 3 |  3.2
Translocations | 1 |  1.7
Conjurations   | 2 |  2.0
Fighting       | |  0.4
Fire Magic     | |  3.9

Action                   |  1- 3 |  4- 6 || total
-------------------------+-------+-------++-------
Melee: Unarmed           |     1 |       ||     1
       Short sword       |    16 |       ||    16
       Tailslap          |     2 |     2 ||     4
       Dagger            |    10 |    29 ||    39
 Cast: Foxfire           |    63 |    38 ||   101
       Blink             |       |     2 ||     2
  Use: Scroll            |     3 |       ||     3
 Stab: Sleeping          |     1 |       ||     1
Armor: Skin              |    22 |     4 ||    26
Dodge: Dodged            |    25 |    23 ||    48
Block: Other             |    10 |     8 ||    18
       Reflection        |     1 |       ||     1

Table legend: (Time is in decaauts)
 A = Elapsed time spent in this place.
 B = Non-inter-level travel time spent in this place.
 C = Inter-level travel time spent in this place.
 D = Time resting spent in this place.
 E = Time spent auto-exploring this place.
 F = Levels seen in this place.
 G = Mean time per level.
                   A        B        C        D        E       F      G
               +--------+--------+--------+--------+--------+-----+--------+
         Total |   3382 |   3265 |    117 |    607 |   1735 |   5 |  676.4 |
       Dungeon |   3382 |   3265 |    117 |    607 |   1735 |   5 |  676.4 |
               +--------+--------+--------+--------+--------+-----+--------+

Top non-repeatable levels by time:
     D:3: 951 daAuts
     D:2: 889 daAuts
     D:1: 828 daAuts
     D:5: 412 daAuts
     D:4: 299 daAuts
